Cogmind - Beta 16.1 @@@ ROGUE MODE // 2026.04.25 @ 08:32:29 Player: beans Result: Self-destructed Performance ------------- Evolutions (3) 1500 Regions Visited (4) 800 Robots Destroyed (33) 165 Value Destroyed (1027) 1027 Prototype IDs (3) 60 Alien Tech Used (0) 0 Bonus (174) 174 TOTAL SCORE: 3726 Bonus ------- Follower Combat Kills 174 Cogmind --------- Core Integrity 214/700 Matter 106/300 Energy 90/100 System Corruption 0% Temperature Cool (2) Movement Flying (35) Location -7/Factory Parts ------- > --- POWER (1) -------- (None) > --- PROPULSION (3) --- Improved VTOL Module > --- UTILITY (6) ------ (None) > --- WEAPON (3) ------- (None) > --- INVENTORY (5) ---- Authchip [Processor] Authchip [Armor] Peak State ------------ > --- POWER ------------ (None) > --- PROPULSION ------- (None) > --- UTILITY ---------- Scrap Engine > --- WEAPON ----------- Gauss Rifle Cycling Accelerated Barrage Con/G > --- INVENTORY -------- Authchip [Processor] Authchip [Armor] Subdweller Shrapnel Launcher [Rating: 26] Favorites ----------- Power Ion Engine Engine Ion Engine Propulsion Aluminum Leg Leg Aluminum Leg Wheel Subdweller Monowheel Flight Unit Improved VTOL Module Utility Core Shielding Device Scrap Engine Protection Core Shielding Weapon Subdweller Machine Gun Energy Gun Riot Gun Ballistic Gun Subdweller Machine Gun Launcher Subdweller Shrapnel Launcher Special Melee Weapon Datajack Build | -11 -10 -10 -9 -7 ------- Run | Yrd Mat Sub Rec Fac Slots Evolved 6 | . . . . 6 Power . | . . . . . Propulsion 1 | . . . . 1 Utility 4 | . . . . 4 Weapon 1 | . . . . 1 Parts Attached 20 | 5 1 6 4 4 Power 1 | 1 . . . . Engine 1 | 1 . . . . Core . | . . . . . Reactor . | . . . . . Propulsion 5 | 2 . 2 . 1 Treads . | . . . . . Leg 2 | 2 . . . . Wheel 2 | . . 2 . . Hover . | . . . . . Flight 1 | . . . . 1 Utility 2 | . 1 . 1 . Device 1 | . . . 1 . Storage . | . . . . . Processor . | . . . . . Hackware . | . . . . . Protection 1 | . 1 . . . Artifact . | . . . . . Weapon 12 | 2 . 4 3 3 Energy Gun 1 | . . . . 1 Energy Cannon . | . . . . . Ballistic Gun 9 | 2 . 3 2 2 Ballistic Cannon . | . . . . . Launcher 1 | . . 1 . . Special Weapon . | . . . . . Impact Weapon . | . . . . . Slashing Weapon . | . . . . . Piercing Weapon . | . . . . . Special Melee Weapon 1 | . . . 1 . Unidentified Prototypes 2 | . . . 1 1 Parts Lost 13 | . . 4 2 7 Power 1 | . . . 1 . Propulsion 4 | . . 2 1 1 Utility 1 | . . . . 1 Weapon 7 | . . 2 . 5 Highest Loss Streak 4 | . . 2 1 4 To Critical Strikes . | . . . . . Average Backups 4 | 1 1 4 4 3 Power . | . . . . . Propulsion . | . . 1 . . Utility . | . . . . 1 Weapon 3 | 1 1 2 4 1 Tool/Special . | . . . . . Unused Backups 4 | . . . 2 2 Power . | . . . . . Propulsion . | . . . . . Utility 2 | . . . . 2 Weapon 2 | . . . 2 . Tool/Special . | . . . . . Average Slot Usage (%) 67 | . 83 84 60 11 Engine 8 | . 14 14 5 . Leg 14 | . 28 8 19 1 Wheel 7 | . . 18 . . Device 2 | . . . 3 5 Protection 11 | . 12 14 10 . Ballistic Gun 21 | . 28 27 18 1 Peak Build Rating 26 | 5 6 10 20 26 Average Rating 9 | 2 5 8 10 16 On Entrance 7 | . 5 6 9 19 Avg Prop Armor Cover (%) 20 | . . 5 25 25 Naked Turns 39 | . . . . 39 Heaviest Build 18 | 9 10 18 14 8 Greatest Support 40 | 20 20 40 20 10 Greatest Overweight (x) 4 | . . 4 . 2 Average Overweight (x) . | . . . . . Largest Inventory Capacity 5 | 5 5 5 5 5 Average Capacity 5 | 5 5 5 5 5 Most Carried 5 | 5 2 5 5 5 Average Carried 4 | 1 1 4 4 3 Final Capacity 5 | 5 5 5 5 5 Final Carried 5 | 1 1 5 3 2 Scrap Engine Consumption 7 | . . . 2 5 Constructs Created 1 | . . . . 1 Class Distribution -------------------- 49% | Mutant 43% | Commander-Mutant 6% | Scavenger-Mutant Dominant Class ---------------- Mutant | -10/Materials Mutant | -10/Subcaves Commander-Mutant | -9/Recycling Mutant | -7/Factory Resources | -11 -10 -10 -9 -7 ----------- Run | Yrd Mat Sub Rec Fac Matter Collected 691 | 188 . 265 187 51 Remotely . | . . . . . Salvage Created 1101 | . . 405 420 276 Parts 65 | . . 29 15 21 Haulers Intercepted . | . . . . . Recyclers Shooed 1 | . . . 1 . Parts Field Recycled . | . . . . . Retrieved Matter . | . . . . . Parts Self-Destructed 8 | . . 8 . . Prevented . | . . . . . Parts Restored . | . . . . . Kills | -11 -10 -10 -9 -7 ------- Run | Yrd Mat Sub Rec Fac Combat Hostiles Destroyed 26 | . . 13 6 7 Guns 22 | . . 13 6 3 AOE 4 | . . . . 4 Classes Destroyed 10 | . . 2 5 3 Builder 4 | . . . . 4 Recycler 2 | . . . 2 . Mechanic 1 | . . . . 1 Swarmer 6 | . . 4 . 2 Grunt 5 | . . . 2 3 Protector 1 | . . . 1 . Sentry 2 | . . . 2 . Specialist 2 | . . . . 2 Programmer 1 | . . . 1 . Subdweller 9 | . . 9 . . Best Kill Streak 9 | . . 4 4 9 Combat Bots Only 4 | . . 4 4 4 Max Kills in Single Turn 3 | . . 2 2 3 Gunslinging 1 | . . 1 1 . Exploded 2 | . . . . 2 Melee . | . . . . . Uniques/NPCs Destroyed . | . . . . . Combat | -11 -10 -10 -9 -7 -------- Run | Yrd Mat Sub Rec Fac Hostile Shots Fired 219 | . . 54 13 152 Missed 56 | . . 16 3 37 Hits 163 | . . 38 10 115 Projectile 163 | . . 38 10 115 AOE 1 | . . 1 . . Critical Strikes 2 | . . . 1 1 Actively Blocked 1 | . . . 1 . Damage Taken 2059 | . . 655 173 1231 Core 705 | . . 155 64 486 Absorbed by Shields 16 | . . . 16 . Redirected to Shielding 44 | . . 32 12 . Core Remaining (%) 56 | 100 . . 12 . Volleys Fired 68 | . . 30 14 24 Largest 2 | . . 2 2 2 Hottest 60 | . . 60 60 54 Shots Fired 120 | . . 59 28 33 Gun 113 | . . 58 28 27 Cannon . | . . . . . Launcher 7 | . . 1 . 6 Special . | . . . . . Kinetic 114 | . . 59 28 27 Thermal . | . . . . . Explosive . | . . . . . Electromagnetic 6 | . . . . 6 Robot Hit Streak 11 | . . 10 6 11 Robot Miss Streak 2 | . . 2 1 2 Penetration Max . | . . . . . Secondary Targets 2 | . . 1 1 . Max Gunslinging Chain 1 | . . 1 1 . Shots Hit Robots 103 | . . 35 45 23 Core Hits 53 | . . 20 9 24 Critical Kills . | . . . . . Critical Parts Destroyed 1 | . . . 1 . Critical Strikes 1 | . . . 1 . Destroy 1 | . . . 1 . Melee Attacks 26 | . . . 26 . Impact . | . . . . . Slashing . | . . . . . Piercing . | . . . . . Sneak Attacks 21 | . . . 21 . Combat Hostiles . | . . . . . Follow-up Attacks . | . . . . . Damage Inflicted 2196 | . . 632 434 1130 Guns 1434 | . . 632 434 368 Cannons . | . . . . . Explosions 755 | . . . . 755 Melee . | . . . . . Ramming 7 | . . . . 7 Kinetic 2115 | . . 632 434 1049 Thermal . | . . . . . Explosive . | . . . . . Electromagnetic 74 | . . . . 74 Impact . | . . . . . Slashing . | . . . . . Piercing . | . . . . . Highest Corruption . | . . . . . Average Corruption . | . . . . . Corruption Purged . | . . . . . Corruption Blocked . | . . . . . Overload Shots . | . . . . . Overflow Damage 72 | . . . . 72 Projectiles . | . . . . . Explosions 72 | . . . . 72 Melee . | . . . . . Knockbacks . | . . . . . Impact . | . . . . . Kinetic . | . . . . . Secondary . | . . . . . Self-Inflicted Damage 3 | . . . . 3 Shots . | . . . . . Rammed 2 | . . . . 2 Targets Rammed 2 | . . . . 2 Kicked . | . . . . . Crushed . | . . . . . Highest Temperature 18 | . . . 18 11 Average Temperature 9 | . . . 10 7 Received Heat Transfer 439 | . . 132 43 264 Siege Activations . | . . . . . Martial Activations . | . . . . . Shielding Activations . | . . . . . Robots Disrupted . | . . . . . Combat Hostiles . | . . . . . Robots Corrupted . | . . . . . Combat Hostiles . | . . . . . Parts Fried . | . . . . . Impact Corruptions . | . . . . . Robots Melted . | . . . . . Combat Hostiles . | . . . . . Parts Melted . | . . . . . Heat Transferred . | . . . . . Parts Sabotaged . | . . . . . Parts Stolen . | . . . . . Parts Stripped . | . . . . . Power Chain Reactions . | . . . . . Alert | -11 -10 -10 -9 -7 ------- Run | Yrd Mat Sub Rec Fac Maximum Alert Level 1 | . . . . 1 Low Security (%) 94 | 100 100 . 100 53 Level 1 5 | . . . . 46 Level 2 . | . . . . . Level 3 . | . . . . . Level 4 . | . . . . . Level 5 . | . . . . . High Security . | . . . . . Max Security . | . . . . . Peak Influence 288 | . . . 67 288 Initial 59 | . . . 59 . Average 27 | . . . 14 135 Influence Increases 788 | . . 140 245 403 Destroy 0b10 Robot/C 360 | . . 80 140 140 Destroy 0b10 Robot/NC 40 | . . . 15 25 Destroy Leader 30 | . . . . 30 Allied During Kill 22 | . . . 22 . Disable Machine 30 | . . . 30 . Destroy Structure 66 | . . . 38 28 Lose Combat Pursuer 240 | . . 60 . 180 Influence Decreases 580 | . . 16 369 195 Entered New Map 65 | . . . 65 . Time Decay 415 | . . 16 294 105 Lost Part 80 | . . . 10 70 Lost Ally 20 | . . . . 20 Squads Dispatched 3 | . . . . 3 Investigation . | . . . . . Extermination . | . . . . . Reinforcement 3 | . . . . 3 Assault . | . . . . . Garrison . | . . . . . Intercept . | . . . . . Searches Triggered . | . . . . . Construction Impeded 1 | . . . . 1 Haulers Reinforced . | . . . . . Active Scanning Responses . | . . . . . Cargo Convoy Interrupts . | . . . . . Stealth | -11 -10 -10 -9 -7 --------- Run | Yrd Mat Sub Rec Fac Distress Signals 1 | . . . 1 . Communications Jammed . | . . . . . Distress Signals . | . . . . . Times Spotted 42 | . . 16 8 18 Peak Tracking Total 8 | . . 6 3 8 Tactical Retreats 8 | . . 2 . 6 Traps | -11 -10 -10 -9 -7 ------- Run | Yrd Mat Sub Rec Fac Traps Triggered 2 | . . 2 . . Indirectly . | . . . . . Trap Hack Attempts . | . . . . . Triggered . | . . . . . Disarmed . | . . . . . Reprogrammed . | . . . . . Reused . | . . . . . Traps Extracted . | . . . . . Installed . | . . . . . Triggered . | . . . . . Machines | -11 -10 -10 -9 -7 ---------- Run | Yrd Mat Sub Rec Fac Machines Disabled 4 | . . 1 3 . Max in Single Turn 1 | . . 1 . . Machines Repaired . | . . . . . Machines Dismantled . | . . . . . Machines Sabotaged . | . . . . . Overloaded Fab Kills . | . . . . . Hacking | -11 -10 -10 -9 -7 --------- Run | Yrd Mat Sub Rec Fac Machines Accessed 1 | . . . 1 . Terminals . | . . . . . Fabricators . | . . . . . Repair Stations . | . . . . . Recycling Units . | . . . . . Scanalyzers . | . . . . . Garrison Access . | . . . . . Total Hacks 4 | . . . 4 . Successful 4 | . . . 4 . Failed . | . . . . . Catastrophic . | . . . . . Database Lockouts . | . . . . . Manual . | . . . . . Terminals . | . . . . . Fabricators . | . . . . . Repair Stations . | . . . . . Recycling Units . | . . . . . Scanalyzers . | . . . . . Garrison Access . | . . . . . Terminal Hacks 4 | . . . 4 . Record 2 | . . . 2 . Release Object 2 | . . . 2 . Fabricator Hacks . | . . . . . Repair Station Hacks . | . . . . . Recycling Unit Hacks . | . . . . . Scanalyzer . | . . . . . Garrison Access Hacks . | . . . . . Unauthorized Hacks . | . . . . . Terminals . | . . . . . Fabricators . | . . . . . Repair Stations . | . . . . . Recycling Units . | . . . . . Scanalyzers . | . . . . . Garrison Access . | . . . . . Data Cores Recovered . | . . . . . Used . | . . . . . Hacking Detections . | . . . . . Full Trace Events . | . . . . . Feedback Events . | . . . . . Feedback Blocked . | . . . . . Robot Schematics Acquired . | . . . . . Robots Built . | . . . . . Authchips . | . . . . . Time . | . . . . . Total Robot Build Rating . | . . . . . Part Schematics Acquired . | . . . . . Parts Built . | . . . . . Authchips . | . . . . . Time . | . . . . . Total Part Build Rating . | . . . . . Part Studies Acquired . | . . . . . Parts Repaired . | . . . . . Time . | . . . . . Parts Recycled . | . . . . . Recycled Matter . | . . . . . Retrieved Matter . | . . . . . Retrieved Components . | . . . . . Parts Scanalyzed . | . . . . . Part Schematics Acquired . | . . . . . Parts Damaged . | . . . . . Bothacking | -11 -10 -10 -9 -7 ------------ Run | Yrd Mat Sub Rec Fac Used RIF Installer . | . . . . . Robots Hacked 1 | . . . 1 . Non-combat 1 | . . . 1 . Combat . | . . . . . Robot Hacks Applied 1 | . . . 1 . find_recycling 1 | . . . 1 . Relay Couplers Released . | . . . . . Fabnet Peak Effective % . | . . . . . Robots Rewired 10 | . . . 10 . Allies Hacked . | . . . . . Hacks Repelled . | . . . . . Allies | -11 -10 -10 -9 -7 -------- Run | Yrd Mat Sub Rec Fac Total Allies 10 | . . . 10 . Largest Group 10 | . . . 10 4 Highest-Rated Group 152 | . . . 152 63 Highest-Rated Ally 34 | . . . 34 30 Total Orders 6 | . . . 6 . STAY 3 | . . . 3 . FOLLOW 1 | . . . 1 . COLLECT 2 | . . . 2 . Ally Attacks 15 | . . . 14 1 Total Damage 696 | . . . 669 27 Kills 11 | . . . 11 . Allies Corrupted . | . . . . . Allies Melted . | . . . . . Intel | -11 -10 -10 -9 -7 ------- Run | Yrd Mat Sub Rec Fac Active Infowar (turns) . | . . . . . Robot Analysis Total . | . . . . . Derelict Logs Recovered . | . . . . . Drone Launches . | . . . . . Drone Recoveries . | . . . . . Exploration | -11 -10 -10 -9 -7 ------------- Run | Yrd Mat Sub Rec Fac Turns Passed 3418 | 40 153 1354 1617 254 Spaces Moved 2057 | 37 31 720 1052 217 Core 473 | 20 . 6 235 212 Treads . | . . . . . Legs 1175 | 17 31 309 817 1 Wheels 405 | . . 405 . . Hover . | . . . . . Flight 4 | . . . . 4 Fastest Speed 35 | 50 120 110 50 35 Average Speed 103 | 82 120 115 104 56 Slowest Speed 250 | 120 120 250 120 150 Overloaded Moves . | . . . . . Propulsion Burnouts . | . . . . . Robots Hopped . | . . . . . Potential Cave-ins . | . . . . . Cave-ins Triggered . | . . . . . Exploration Rate (%) 35 | 2 11 62 95 5 Regions Visited 4 Branch Regions 2 Pre-discovered Areas . | . . . . . Known Exits Taken . | . . . . . Unknown Exits Taken 4 | 1 1 1 1 . Scrap Searched . | . . . . . Spaces Dug . | . . . . . Terrain Destroyed 45 | . . 14 3 28 Melee . | . . . . . Projectile 3 | . . . 3 . AOE 42 | . . 14 . 28 Terrain Rammed . | . . . . . Walls Destroyed . | . . . . . Machines Disabled . | . . . . . Actions | -11 -10 -10 -9 -7 --------- Run | Yrd Mat Sub Rec Fac Total 3223 | 46 147 1182 1530 318 Wait 986 | . 115 411 400 60 Move 2053 | 36 30 719 1051 217 Hop . | . . . . . Pick Up 20 | 5 1 9 . 5 Fast Attach 4 | 1 . 1 2 . Attach 16 | 4 1 4 . 7 Detach 5 | . . . 3 2 Swap 12 | . . 5 7 . Drop 11 | . . 3 7 1 Fire 68 | . . 30 14 24 Melee 26 | . . . 26 . Ram 2 | . . . . 2 Kick . | . . . . . Crush . | . . . . . Escape Stasis . | . . . . . Rewire 20 | . . . 20 . Trap . | . . . . . Miscellaneous . | . . . . . Route ------- -11/Scrapyard -10/Materials -10/Subcaves (discovered 2 exits: [*Mat] / *Rec) -9/Recycling -7/Factory History --------- Turn | Location | Event 3 | -11/Scrapyard | Discovered new exit (range 15) 41 | -11/Scrapyard | Entered Materials 176 | -10/Materials | Discovered new exit (range 4) 194 | -10/Materials | Entered Subcaves 230 | -10/Subcaves | Shifting Twisted Machinery released Battle Rifle 234 | -10/Subcaves | Shifting Twisted Machinery released Sub. Power Source 305 | -10/Subcaves | Build established: Mutant 324 | -10/Subcaves | A swath of the cavern ceiling suddenly collapsed 404 | -10/Subcaves | Curiously followed by a Cobbler waking with a query about "LVR3C" 629 | -10/Subcaves | Discovered new exit (range 5) 1452 | -10/Subcaves | Core integrity fell below 50% 1477 | -10/Subcaves | Shifting Twisted Machinery released Barrage Gun 1482 | -10/Subcaves | Shifting Twisted Machinery released Sub. Monowheel 1535 | -10/Subcaves | Discovered new exit (range 10) 1548 | -10/Subcaves | Entered Recycling 2009 | -9/Recycling | Build established: Commander-Mutant 2224 | -9/Recycling | Discovered new exit (range 6) 2708 | -9/Recycling | Scanned before Scraplab entrance 2763 | -9/Recycling | Angered Scraplab inhabitants 2764 | -9/Recycling | Core integrity fell below 20% 2764 | -9/Recycling | Found Prototype Device 2764 | -9/Recycling | Identified Scrap Engine 2811 | -9/Recycling | Lost 5 allies 3165 | -9/Recycling | Entered Factory 3165 | -7/Factory | Accompanied by 4 allies 3165 | -7/Factory | Evolved 6 slots: Propulsion x1, Utility x4, Weapon x1 3245 | -7/Factory | Lost 4 allies 3356 | -7/Factory | Core integrity fell below 50% 3409 | -7/Factory | Lost 4 parts (1u3w) 3419 | -7/Factory | Self-destructed Last Messages --------------- Destroyed Welding Torch. U-05 Engineer destroyed. M-13 Machinist destroyed. U-05 Engineer lays Concrete. U-05 Engineer builds a Wall. Acquired Gauss Rifle. Dropped Autogun. Scrap Engine consumes Autogun. Slug penetrates Y-54 Guardian. Scrap Engine constructs Cycling Accelerated Barrage Con/G. Slug penetrates Y-54 Guardian. Cycling Accelerated Barrage Con/G destroyed. Scrap Engine damaged due to network destabilization (-5). Gauss Rifle destroyed. Scrap Engine destroyed. Sub. Shrapnel Launcher destroyed. Acquired Prototype Flight Unit. Identified Imp. VTOL Module. Map ----- +----------------------------------------------------+ | ????????# | | ????????# | | ????????# | | ?????#### | | ?????# | | ?????# ######### | | ?????# #???????# | | ????## #???????# | | ????# #???????# | | ????#T #???????# | | ????## +?????? " | | ?????# #????? " | | ?????# #???? " | | ?????# #??? % | | ######+## #?? * | | # # # | | # # # %! | | # # # | | # # # | | # """ # #?### | | # """ # #####" | | # """ # *% | | # "" # | | #! "" + | | # # | | # @""" # | | # """ ##### #####+####### | | # """ !#???#???# % | | # "" #???????# """""""%! | | # "" #???????# """Y"""% | | # #???????# | | # ????????# | | ######??????????# | | ????????????????# """"" | | ?????????????H? + """"" | | ????????????? # """"" | | ???????????? ?# """"" | | ????????????????# ? | | ????????????????# ????? | | ????????????????###???????? | | ??????????????????????????? | | ??????????????????????????? | | ??????????????????????????? | | ??????????????????????????? | | ??????????????????????????? | | ??????????????????????????? | | ??????????????????????????? | | ??????????????????????????? | | ??????????????????????????? | | ??????????????????????????? | +----------------------------------------------------+ Best States ------------- Heat Dissipation 34 Energy Generation 10 Energy Capacity 250 Matter Stores 300 Matter Capacity 300 Sight Range 16 Terrain Scan Density 10 Core Shielding 20 Evasion (%) 55 Authchip Count 2 Item Schematics ----------------- None Robot Schematics ------------------ None Fabricated ------------ Nothing Repaired ---------- Nothing Studied --------- None Alien Tech Used ----------------- None Achievements -------------- None Challenges ------------ None Game ------ Seed SmartFlyingClaw Manual? 0 Play Time 00:24:28 Cumulative 276.8 hours Start 2026.04.24 @ 19:40:45 End 2026.04.25 @ 08:32:29 Sessions 9 Manual Loads 0 Difficulty Rogue Special Mode None Game No. 731 Rogue 729 Adventurer 2 Explorer 0 Win Type - Total 0 Types 0/0/0/0/0/0/0/0/0/0 Lore% 68 Gallery% 64 Achievement% 45 Wizard Run 0 Options --------- Layout 2 ASCII 0 Keyboard 0 Movement Mouse Keybinds 0 Fullscreen 1 Font 24/Smallcaps Map View 50x44 Zoom Use 8% Tactical HUD 0 Map Filters NONE Filters NONE Steam 1 RUN: 60d6f588-f921-4965-9b45-9bdae2dda7ac